 Dungeon Crawl Stone Soup version 0.31.0-4-g52a2dc7128 (webtiles) character file.

Game seed: 8115527429414251836

1386 thirtiethelement the Trooper (level 8, -1/61 HPs)
             Began as a Demonspawn Berserker on Jan 23, 2024.
             Was a Priest of Trog.
             Slain by Maggie
             ... wielding a +0 scimitar
              (10 damage)
             ... on level 6 of the Dungeon.
             The game lasted 00:10:03 (6118 turns).

thirtiethelement the Trooper (Demonspawn Berserker) Turns: 6118, Time: 00:10:04

Health: -1/61      AC: 10    Str: 23    XL:     8   Next: 40%
Magic:  8/8        EV: 17    Int:  8    God:    Trog [***...]
Gold:   320        SH:  0    Dex: 15    Spells: 7/7 levels left

rFire   + .          .
                       - Unarmed
rCold   . . .        (no shield)
rNeg    . . .        g - +0 ring mail {rF+}
rPois   .            (no helmet)
rElec   .            p - +0 cloak
rCorr   .            (no gloves)
SInv    +            (no boots)
Will    ++...        (no amulet)
Stlth   +            j - ring of see invisible
HPRegen 1.30/turn    b - +6 ring of strength
MPRegen 0.11/turn

%: no passive effects
@: mighty, agile, lethally poisoned (-1 -> -2), strong-willed, on berserk
cooldown, regenerating, hasted, very quick
A: claws 2, icy blue scales 2, foul stench 1, powered by pain 2
a: Renounce Religion, Berserk, Trog's Hand


You were on level 6 of the Dungeon.
You worshipped Trog.
Trog was most pleased with you.
You visited 1 branch of the dungeon, and saw 6 of its levels.

You collected 320 gold pieces.

Inventory:

Missiles
 e - 4 javelins
 i - a throwing net
 m - 2 boomerangs (quivered)
Armour
 g - a +0 ring mail of fire resistance (worn)
 k - a +0 pair of gloves
 p - a +0 cloak (worn)
Jewellery
 b - a +6 ring of strength (right claw)
 d - a ring of magical power
 j - a ring of see invisible (left claw)
Wands
 c - a wand of flame (21)
 r - a wand of polymorph (4)
Scrolls
 a - 4 scrolls of teleportation
Potions
 f - a potion of berserk rage
 l - a potion of resistance
 q - a potion of brilliance


   Skills:
 + Level 4.8 Fighting
 - Level 4.4 Short Blades
 + Level 3.1 Axes
 + Level 1.9 Throwing
 + Level 4.5 Armour
 + Level 2.8 Dodging
 + Level 1.0 Stealth
 * Level 4.5 Unarmed Combat


You had 7 spell levels left.
You didn't know any spells.
Your spell library contained the following spells:

 Spells                   Type           Power      Damage    Failure   Level
 Sublimation of Blood     Necr           0%         N/A       69%         2
 Petrify                  Alch/Erth      0%         N/A       100%        4
 Irradiate                Conj/Alch      0%         3d11      100%        5


Dungeon Overview and Level Annotations

Branches:
Dungeon (6/15)
 Temple: D:4-7

Altars:
Cheibriados
Fedhas
Makhleb
Sif Muna
Wu Jian
Xom

Annotations:
D:6 Maggie


Innate Abilities, Weirdness & Mutations

You have very sharp fingernails.
You are mostly covered in icy blue scales. (AC +3)
You may rarely emit foul miasma when damaged in melee.
You sometimes gain power by taking damage.


Message History

You scratch Maggie.
Maggie is lightly wounded.
Maggie zaps a wand.
The bolt of light hits you! Maggie closely misses you.
You closely miss Maggie.
Maggie is lightly wounded.
Maggie zaps a wand.
The bolt of light misses you.
You claw Maggie! Your claw misses Maggie.
Maggie is lightly wounded.
Maggie closely misses you. The water moccasin misses you.
You closely miss Maggie.
Maggie is lightly wounded.
You feel yourself speed up. The water moccasin barely misses you.
Maggie barely misses you. The water moccasin bites you.
You are poisoned.
The water moccasin poisons you!
Maggie zaps a wand.
The bolt of light hits you!!
* * * LOW HITPOINT WARNING * * *
You focus on the pain.
You feel very mighty all of a sudden.
You feel yourself speed up.
* * * LOW HITPOINT WARNING * * *
You feel very sick.
The water moccasin completely misses you.
Maggie misses you. The water moccasin closely misses you.
Okay, then.
Your skin crawls.
You feel strong-willed.
You feel sick.
The water moccasin completely misses you.
Maggie says, "Fear not.
I will immortalise you in the tale of my first kill."
Maggie closely misses you.
You claw Maggie!
Maggie is moderately wounded.
You feel sick.
The water moccasin completely misses you.
You claw the water moccasin!
The water moccasin is moderately wounded.
You feel sick. Maggie hits you with a +0 scimitar!
You die...

..# ### #..... ..# #.....
.##########.....
.##.......#.....
.##.......#.....
.##.......#.....
..........#....@##########
..........#....S@!.......##
.####'#####...............##
##..........................
..........................#
..........................##
.................###........
..<...........###.#.###...##
...........###...#.....###..
..#########.#....#......#


You could see Maggie and a water moccasin.

Vanquished Creatures
  Edmund (D:6)
  An orc warrior (D:4)
  A sky beast (D:6)
  3 ogres (D:5)
  2 centaurs
  A howler monkey (D:4)
  A hound (D:5)
  A bombardier beetle (D:6)
  A gnoll bouda (D:6)
  A jelly (D:4)
  An orc priest (D:5)
  Crazy Yiuf (D:4)
  8 iguanas
  A sleepcap (D:5)
  An orc wizard (D:4)
  5 gnolls (D:6)
  3 adders
  A white imp (D:5)
  2 ribbon worms (D:3)
  4 dart slugs
  10 orcs
  7 bats
  5 endoplasms
  2 giant cockroaches
  9 goblins
  6 hobgoblins
  8 jackals
  10 quokkas
  6 ball pythons
  2 frilled lizards (D:1)
  7 kobolds
  4 rats
116 creatures vanquished.

Notes
Turn   | Place    | Note
-------+----------+-------------------------------------------
     0 | D:1      | thirtiethelement the Demonspawn Berserker began the quest
                  | for the Orb.
     0 | D:1      | Reached XP level 1. HP: 18/18 MP: 1/1
   240 | D:1      | Gained mutation: You sometimes gain a little power by
                  | taking damage. [demonic ancestry]
   240 | D:1      | Reached XP level 2. HP: 24/24 MP: 2/2
   835 | D:2      | Gained mutation: You are partially covered in icy blue
                  | scales. (AC +2) [demonic ancestry]
   835 | D:2      | Reached XP level 3. HP: 29/29 MP: 3/3
   867 | D:2      | Reached ** piety under Trog
  1304 | D:2      | Reached skill level 1 in Short Blades
  1367 | D:2      | Found a faded altar of an unknown god.
  1742 | D:3      | Gained mutation: You sometimes gain power by taking damage.
                  | [demonic ancestry]
  1742 | D:3      | Reached XP level 4. HP: 37/37 MP: 4/4
  2047 | D:3      | Found a shimmering blue altar of Sif Muna.
  2048 | D:3      | Found an ornate altar of the Wu Jian Council.
  2381 | D:3      | Found a faded altar of an unknown god.
  2384 | D:3      | Found a snail-covered altar of Cheibriados.
  2427 | D:4      | Reached *** piety under Trog
  2548 | D:4      | Gained mutation: You have sharp fingernails. [demonic
                  | ancestry]
  2548 | D:4      | Reached XP level 5. HP: 8/42 MP: 5/5
  2887 | D:4      | Noticed an orc warrior
  2906 | D:4      | Killed an orc warrior
  2907 | D:4      | Gained mutation: You may rarely emit foul miasma when
                  | damaged in melee. [demonic ancestry]
  2907 | D:4      | Reached XP level 6. HP: 7/48 MP: 6/6
  3163 | D:4      | Found a burning altar of Makhleb.
  3811 | D:4      | Found a runed translucent door.
  3812 | D:4      | Noticed Crazy Yiuf
  3819 | D:4      | Killed Crazy Yiuf
  3820 | D:4      | Reached skill level 1 in Throwing
  4032 | D:5      | Entered Level 5 of the Dungeon
  4122 | D:5      | Gained mutation: You have very sharp fingernails. [demonic
                  | ancestry]
  4122 | D:5      | Reached XP level 7. HP: 25/55 MP: 7/7
  4591 | D:5      | Reached skill level 1 in Unarmed Combat
  4706 | D:5      | Found a blossoming altar of Fedhas.
  5290 | D:5      | Found a shimmering altar of Xom.
  5720 | D:6      | Gained mutation: You are mostly covered in icy blue scales.
                  | (AC +3) [demonic ancestry]
  5720 | D:6      | Reached XP level 8. HP: 61/61 MP: 8/8
  5954 | D:6      | Reached skill level 1 in Stealth
  6082 | D:6      | Noticed Edmund
  6090 | D:6      | Killed Edmund
  6106 | D:6      | Noticed Maggie
  6118 | D:6      | Slain by Maggie

Illustrated notes

Levels and vault maps discovered:
D:1:      tarquinn_simple_flora_water_a, layout_loops_ring,
          nicolae_houndstooth_variations
D:2:      layout_basic, shapermc_ecumenical_altar_hornbeckon
D:3:      layout_loops_cross, nicolae_overflow_ecumenical_swirl,
          chequers_temple_overflow_statue_of_worship, kennysheep_generic_room_3
D:4:      layout_layer_cave, amcnicky_altar_gilded, nrook_campfire,
          chequers_serial_rivers_large_a, grunt_ministairs_13, st_stairs_10,
          serial_park_tiny_1, uniq_crazy_yiuf_cottage
D:5:      nicolae_cairo_tiling_very_big, layout_basic, fedhas_altar_3,
          mainiacjoe_overflow_alcove_2
D:6:      nicolae_BIG_FREAKIN_CUBE, layout_gridville, marbit_many_paths,
          minmay_temple_entry_large_hall, uniq_edmund, uniq_maggie

Skill      XL: |  1  2  3  4  5  6  7  8 |
---------------+-------------------------+-----
Axes           | 3 |  3.1
Armour         | 2 3 4 |  4.5
Short Blades   | 1 2 3 4 |  4.4
Dodging        | 2 |  2.8
Fighting       | 4 |  4.8
Throwing       | 1 |  1.9
Unarmed Combat | 2 4 |  4.5
Stealth        | 1 |  1.0

Action                     |  1- 3 |  4- 6 |  7- 9 || total
---------------------------+-------+-------+-------++-------
  Melee: Short sword       |   189 |   224 |       ||   413
         Hand axe          |     7 |       |       ||     7
         Punch             |       |     3 |     1 ||     4
         Unarmed           |       |       |   155 ||   155
  Throw: Boomerang         |       |    18 |       ||    18
 Invoke: Berserk           |       |     4 |     2 ||     6
         Trog's Hand       |       |       |     1 ||     1
    Use: Scroll            |     2 |     2 |     6 ||    10
         Potion            |       |       |     1 ||     1
 Armour: Scale mail        |    74 |       |       ||    74
         Ring mail         |    28 |    73 |    88 ||   189
  Dodge: Dodged            |    76 |    79 |   109 ||   264
